 Dungeon Crawl Stone Soup version 0.25-a0-290-g4a1327ee3a (webtiles) character file.

Game seed: 7974272061165599430, levelgen mode: deterministic

1605 MoonlitKnight the Insei (level 8, -1/68 HPs)
             Began as a White Draconian Transmuter on Dec 14, 2019.
             Was a Believer of Makhleb.
             Slain by an orc priest
             ... wielding a +0 club
              (6 damage)
             ... on level 7 of the Dungeon.
             The game lasted 00:19:07 (6733 turns).

MoonlitKnight the Insei (DrTm)                      Turns: 6733, Time: 00:19:08

Health: -1/68      AC:  2    Str: 13    XL:     8   Next: 63%
Magic:  6/11       EV: 24    Int: 13    God:    Makhleb [**....]
Gold:   476        SH:  0    Dex: 21    Spells: 1/11 levels left

rFire    . . .     SeeInvis .     - Unarmed
rCold    . . .     Gourm    .   (shield currently unavailable)
rNeg     . . .     Faith    +   (armour unavailable)
rPois    x         Spirit   .   (helmet currently unavailable)
rElec    .         Reflect  .   (cloak currently unavailable)
rCorr    .         Harm     .   (gloves currently unavailable)
MR       .....                  (boots currently unavailable)
Stlth    ++........             z - amulet "Mowelero" {Faith Dex+2}
HPRegen  0.21/turn              (no ring)
MPRegen  0.12/turn              (no ring)

@: spider-form
A: tiny, (breathe frost), unfitting armour, AC +6
a: End Transformation, Minor Destruction, Renounce Religion


You were on level 7 of the Dungeon.
You worshipped Makhleb.
Makhleb was pleased with you.
You were very hungry.
You were a venomous arachnid creature.
You visited 2 branches of the dungeon, and saw 8 of its levels.
You also visited: Sewer.

You collected 476 gold pieces.

Inventory:

Hand Weapons
 a - a +3 halberd of chopping (melded)
 x - a +1 hunting sling of velocity
Missiles
 s - 7 javelins (quivered)
 u - 46 arrows
 v - 8 datura-tipped darts
Armour
 k - a +0 pair of gloves (melded)
 A - a +1 hat (melded)
Jewellery
 h - an uncursed amulet of the gourmand {unknown}
 i - an uncursed amulet of regeneration {unknown}
 j - an uncursed amulet of the acrobat {unknown}
 z - the amulet "Mowelero" (around neck) {Faith Dex+2}
   (You found it on level 4 of the Dungeon)

   [amulet of faith]

   It allows you to gain divine favour quickly.
   It affects your dexterity (+2).
 J - a cursed ring of attention {unknown}
Wands
 m - a wand of disintegration (31)
Scrolls
 b - 4 scrolls of teleportation
 f - a scroll of magic mapping
 g - a scroll of fear
 l - a scroll of enchant weapon {unknown}
 n - a scroll of enchant armour {unknown}
 w - 6 scrolls of remove curse
 y - a scroll of fog {unknown}
 C - 2 scrolls of immolation {unknown}
 E - 2 scrolls of blinking {unknown}
 H - a scroll of amnesia {unknown}
 I - 3 scrolls of identify
Potions
 d - a potion of heal wounds
 e - 3 potions of curing
 o - a potion of resistance {unknown}
 p - 3 potions of degeneration {unknown}
 q - a potion of berserk rage {unknown}
 r - a potion of cancellation {unknown}
 t - a potion of might {unknown}
 B - 2 potions of lignification {unknown}
 D - 2 potions of agility {unknown}
 F - 3 potions of magic {unknown}
 G - a potion of brilliance {unknown}
 L - 2 potions of ambrosia {unknown}
 M - a potion of mutation {unknown}
 N - a potion of haste {unknown}
Comestibles
 c - 6 rations


   Skills:
 - Level 5.0 Fighting
 - Level 5.0 Dodging
 + Level 6.8 Unarmed Combat
 - Level 2.0 Spellcasting
 + Level 4.4 Transmutations
 + Level 4.7 Ice Magic


You had one spell level left.
You knew the following spells:

 Your Spells              Type           Power        Failure   Level  Hunger
a - Beastly Appendage     Tmut           ##....       13%         1    ##.....
b - Sticks to Snakes      Tmut           ##......     17%         2    ###....
c - Spider Form           Tmut/Pois      #.........   52%         3    ####...
d - Ice Form              Ice/Tmut       ##......     58%         4    #####..

Your spell library contained the following spells:

 Spells                   Type           Power        Failure   Level  Hunger
 Animate Skeleton         Necr           N/A          47%         1    ##.....
 Apportation              Tloc           #.....       47%         1    ##.....
 Confusing Touch          Hex            #.....       47%         1    ##.....
 Summon Small Mammal      Summ           #...         47%         1    ##.....
 Blade Hands              Tmut           ##........   89%         5    ######.


Dungeon Overview and Level Annotations

Branches:
Dungeon (7/15)             Temple (1/1) D:5           Sewer (visited)

Altars:
Ashenzari
Cheibriados
Dithmenos
Elyvilon
Fedhas
Hepliaklqana
Kikubaaqudgha
Makhleb
Nemelex Xobeh
Okawaru
Qazlal
Uskayaw
Vehumet
Wu Jian
Xom
Yredelemnul
The Shining One


Innate Abilities, Weirdness & Mutations

((You can breathe waves of freezing cold.))
((You can buffet flying creatures when you breathe cold.))
((Your icy white scales are hard. (AC +6)))
You cannot fit into any form of body armour.
((Your flesh is cold resistant. (rC+)))
((You are cold-blooded and may be slowed by cold attacks.))


Message History

Your +3 halberd of chopping melds into your body.
Your +1 hat melds into your body.
Your +0 pair of gloves melds into your body.
You are feeling very hungry.
The orc warrior misses you. The orc priest completely misses you.
Your ball python bites the orc.
Your ball python barely misses the orc.
The orc hits you.
* * * LOW HITPOINT WARNING * * *
You hit the orc warrior but do no damage.
The orc warrior is poisoned.
The orc misses you. The orc warrior barely misses you.
Your ball python bites the orc but does no damage.
Your ball python barely misses the orc.
The orc priest misses you. The giant cockroach closely misses you.
The orc closely misses you.
You hit the orc warrior.
The orc warrior is moderately wounded.
The orc completely misses you.
Your ball python barely misses the orc. x2
The orc warrior misses you. The giant cockroach closely misses you.
The orc priest hits you with a +0 club.
You die...

........# ....
........# ....
........# .....
........##.....
...............
...............
......ooo...#
#.so...#
#.Ss....#
#.......#
#.......#
#.........
#......##.
........
.....#..#


You could see an orc warrior, an orc priest, 2 orcs, a giant cockroach and a
friendly ball python.

Vanquished Creatures
  A water moccasin (D:6)
  An ice beast (D:6)
  An orc warrior (D:6)
  2 phantoms
  An ogre (D:5)
  A centaur (D:5)
  2 big kobolds (Sewer)
  A scorpion (D:6)
  A howler monkey (D:4)
  2 crimson imps (D:6)
  2 bullfrog zombies
  A hound (D:5)
  A jelly (D:5)
  2 bullfrog skeletons
  An orc wizard (D:6)
  3 worker ants
  A hound skeleton (D:4)
  14 gnolls
  A howler monkey skeleton (D:5)
  10 adders
  2 oozes
  An adder zombie (D:6)
  9 worms
  A dart slug (D:2)
  4 leopard geckos
  13 orcs
  6 ball pythons
  11 bats
  4 giant cockroaches
  12 hobgoblins
  15 jackals
  11 kobolds
  4 quokkas
  6 frilled lizards
  10 goblins
  A leopard gecko skeleton (D:3)
  9 rats
168 creatures vanquished.

Notes
Turn   | Place    | Note
-------+----------+-------------------------------------------
     0 | D:1      | MoonlitKnight the Draconian Transmuter began the quest for
                  | the Orb.
     0 | D:1      | Reached XP level 1. HP: 16/16 MP: 3/3
   277 | D:1      | Reached XP level 2. HP: 23/23 MP: 5/5
   384 | D:1      | Learned a level 2 spell: Sticks to Snakes
  1207 | D:2      | Reached XP level 3. HP: 21/29 MP: 4/6
  1509 | D:2      | Found a white marble altar of Elyvilon.
  1561 | D:2      | Learned a level 3 spell: Spider Form
  1595 | D:2      | Reached XP level 4. HP: 22/37 MP: 5/7
  2417 | D:3      | Reached skill level 4 in Unarmed Combat
  2487 | D:3      | Reached XP level 5. HP: 27/45 MP: 4/8
  2676 | D:3      | Found a glowing golden altar of the Shining One.
  2720 | D:3      | Noticed a phantom
  2742 | D:3      | Killed a phantom
  3116 | D:3      | Reached XP level 6. HP: 52/52 MP: 9/9
  3301 | D:3      | Found a shimmering altar of Xom.
  3303 | D:3      | Found a glowing golden altar of the Shining One.
  3303 | D:3      | Found a hide-covered altar of Uskayaw.
  3305 | D:3      | Found a hazy altar of Hepliaklqana.
  3305 | D:3      | Found a shimmering altar of Xom.
  3305 | D:3      | Found a hide-covered altar of Uskayaw.
  3361 | D:3      | Found a faded altar of an unknown god.
  3675 | D:4      | Reached skill level 5 in Unarmed Combat
  3695 | D:4      | Got a pitted graven amulet
  3985 | D:4      | Found an ancient bone altar of Kikubaaqudgha.
  4021 | D:5      | Entered Level 5 of the Dungeon
  4037 | D:5      | Identified the amulet "Mowelero" {Faith Dex+2} (You found
                  | it on level 4 of the Dungeon)
  4082 | D:5      | Your scales start taking on an icy white colour.
  4082 | D:5      | Reached XP level 7. HP: 47/60 MP: 10/10
  4082 | D:5      | Gained mutation: Your flesh is cold resistant. (rC+) [White
                  | Draconian growth]
  4089 | D:5      | Learned a level 4 spell: Ice Form
  4133 | D:5      | Found a staircase to the Ecumenical Temple.
  4142 | Temple   | Entered the Ecumenical Temple
  4275 | Temple   | Became a worshipper of Makhleb the Destroyer
  4485 | D:5      | Reached skill level 5 in Fighting
  4485 | D:5      | Reached skill level 1 in Ice Magic
  4518 | D:5      | Found a glowing drain.
  4534 | Sewer    | Entered a sewer
  4646 | Sewer    | Reached * piety under Makhleb
  5341 | D:5      | Reached XP level 8. HP: 66/68 MP: 11/11
  5500 | D:6      | Reached skill level 5 in Dodging
  5500 | D:6      | Reached skill level 6 in Unarmed Combat
  5736 | D:6      | Reached ** piety under Makhleb
  6503 | D:6      | Found a basalt altar of Yredelemnul.
  6509 | D:6      | Found a snail-covered altar of Cheibriados.
  6632 | D:6      | Found a blossoming altar of Fedhas.
  6733 | D:7      | Slain by an orc priest

Levels and vault maps discovered:
D:1:      lightli_arrival_boilingwater, layout_basic, hex_large
D:2:      layout_rooms, elyvilon_altar_1
D:3:      layout_loops_ring, doesnt_xom_only_xom,
          chequers_ecumenical_altar_grove, grunt_ministairs_2,
          chequers_serial_rivers_micro_e, minmay_misc_feat_cross,
          nicolae_tso_carved_into_rock
D:4:      layout_cave_pools, kiku_gazebo_pond_becter
D:5:      layout_basic, temple_hall, cheibrodos_sewer_entry_bend, first_ration,
          grunt_ministairs_11, minivault_1, minivault_23
D:6:      layout_rooms, minitemple, lemuel_round_altar
D:7:      layout_basic, grunt_decor_cap
Temple:   nicolae_temple_figure_eight

Skill      XL: |  1  2  3  4  5  6  7  8 |
---------------+-------------------------+-----
Dodging        | 2 3 4 5 |  5.0
Fighting       | 2 3 4 5 |  5.0
Unarmed Combat | 4 5 6 |  6.8
Ice Magic      | 2 4 |  4.7
Transmutations | 3 4 |  4.4
Spellcasting   | |  2.0

Action                   |  1- 3 |  4- 6 |  7- 9 || total
-------------------------+-------+-------+-------++-------
Melee: Unarmed           |   101 |    80 |     2 ||   183
       Tailslap          |     4 |    20 |    24 ||    48
       Headbutt          |     5 |     3 |       ||     8
       Kick              |     3 |     7 |       ||    10
       Punch             |       |     2 |       ||     2
       Halberd           |       |   107 |   223 ||   330
 Cast: Beastly Appendage |     9 |     5 |       ||    14
       Sticks to Snakes  |       |     1 |     3 ||     4
       Spider Form       |       |       |     1 ||     1
  Use: Scroll            |       |     6 |       ||     6
 Stab: Sleeping          |       |     3 |     1 ||     4
       Distracted        |       |       |     1 ||     1
  Eat: Chunk             |     2 |     9 |     5 ||    16
       Ration            |       |       |     1 ||     1
Armor: Skin              |    34 |    72 |    79 ||   185
Dodge: Dodged            |    62 |   137 |   249 ||   448

Table legend:
 A = Non-vault XP
 B = Vault XP
 C = Vault XP percentage of total XP
 D = Non-vault monster count
 E = Vault monster count
 F = Vault count percentage of total count
                 A         B        C        D         E       F
            +---------+---------+-------+---------+---------+-------
      Total |    2023 |     271 |  11.8 |     146 |      22 |  13.1
            +---------+---------+-------+---------+---------+-------
        D:1 |      34 |       0 |   0.0 |      21 |       0 |   0.0
        D:2 |      97 |       0 |   0.0 |      28 |       0 |   0.0
        D:3 |     268 |       3 |   1.1 |      27 |       2 |   6.9
        D:4 |     294 |       0 |   0.0 |      20 |       0 |   0.0
        D:5 |     470 |      18 |   3.7 |      16 |       2 |  11.1
        D:6 |     860 |       0 |   0.0 |      34 |       0 |   0.0
      Sewer |       0 |     250 | 100.0 |       0 |      18 | 100.0
            +---------+---------+-------+---------+---------+-------
